 Dungeon Crawl Stone Soup version 0.27.1-4-g1640c2035a (webtiles) character file.

Game seed: 9373193500018516360

95 raph the Poker (level 4, -1/33 HPs)
             Began as a Merfolk Gladiator on Nov 7, 2021.
             Killed by divine providence
             ... invoked by an orc priest
              (12 damage)
             ... on level 3 of the Dungeon.
             The game lasted 00:03:13 (2486 turns).

raph the Poker (Merfolk Gladiator)                  Turns: 2486, Time: 00:03:13

Health: -1/33      AC:  5    Str: 14    XL:     4   Next: 66%
Magic:  4/4        EV: 13    Int:  7    God:
Gold:   118        SH:  0    Dex: 16    Spells: 3/3 levels left

rFire    . . .     SeeInvis .   a - +0 trident
rCold    . . .     Faith    .   (no shield)
rNeg     . . .     Spirit   .   b - +0 leather armour
rPois    .         Reflect  .   c - +0 helmet
rElec    .         Harm     .   i - +0 cloak
rCorr    .         Rampage  .   (no gloves)
Will     .....                  (no boots)
Stlth    +.........             (no amulet)
HPRegen  0.11/turn              (no ring)
MPRegen  0.09/turn              (no ring)

@: no status effects
A: (nimble swimmer 2), mertail
a: no special abilities


You were on level 3 of the Dungeon.
You visited 1 branch of the dungeon, and saw 3 of its levels.

You collected 118 gold pieces.

Inventory:

Hand Weapons
 a - a +0 trident (weapon)
Missiles
 d - 3 throwing nets (quivered)
Armour
 b - a +0 leather armour (worn)
 c - a +0 helmet (worn)
 f - a +2 kite shield
 i - a +0 cloak (worn)
Scrolls
 k - a scroll of teleportation
 l - a scroll of enchant armour {unknown}
Potions
 e - a potion of heal wounds {unknown}
 g - a potion of magic
 h - a potion of attraction {unknown}
 j - a potion of flight {unknown}
 m - a potion of brilliance {unknown}


   Skills:
 - Level 2.1 Fighting
 + Level 7.6 Polearms
 - Level 2.0 Throwing
 - Level 4.0 Dodging


You had 3 spell levels left.
You didn't know any spells.
Your spell library was empty.

Dungeon Overview and Level Annotations

Branches:
Dungeon (3/15)

Altars:
Xom

Shops:
D:1 =   D:3 [


Innate Abilities, Weirdness & Mutations

((You are quick and stealthy near water. (Stealth+, EV+, Speed+++)))
Your lower body shifts to a powerful aquatic tail in water.


Message History

You see here 15 gold pieces.
You reach to attack!
You barely miss the orc. You hit the orc.
The orc is almost dead.
The orc barely misses you.
You puncture the orc!
You kill the orc!
No target in view!
No target in view!
No target in view!
No target in view!
No target in view!
No target in view!
No target in view!
No target in view!
You start waiting.
Done waiting.
You now have 118 gold pieces (gained 15).
Found a glowing long sword.
You see here a +2 long sword of holy wrath.
Found 16 stones.
An orc priest comes into view. It is wielding a +0 flail.
An orc comes into view. It is wielding a +0 short sword.
Found a scroll labelled INAMEETZUC.
Found a stone staircase leading down.
An orc priest comes into view. It is wielding a +0 flail.
The orc shouts!
The orc priest shouts!
You hit the orc priest but do no damage.
The orc priest invokes the aid of Beogh against you.
Beogh smites you!
The orc priest invokes the aid of Beogh against you.
Beogh smites you!
You are too injured to fight recklessly!
You are too injured to fight recklessly!
You are too injured to fight recklessly!
You are too injured to fight recklessly!
You are too injured to fight recklessly!
You are too injured to fight recklessly!
The orc priest mumbles some strange prayers to Beogh against you.
Beogh smites you!
You die...

.#...............# ##
#...##
.................# .? #
#.... †................#
># .. #.#.#
##...............##.#...
.....
##.....................
...#.#
#...................#
##..#............#
##...........#..#
###.∩.#.#######@##
##.....#.# #.#
...#.#...# #o#
###...##.# #o#
.....###.# #..
##...#...# ...#
##.).##### ...# #8...8#
.o..# ##...## .....


You could see 2 orc priests and an orc.

Vanquished Creatures
  Jessica (D:3)
  2 adders
  2 orcs (D:3)
  An endoplasm (D:1)
  3 giant cockroaches
  5 goblins
  6 hobgoblins
  3 jackals (D:1)
  2 quokkas
  4 ball pythons
  6 bats
  3 frilled lizards
  5 kobolds
  4 rats
47 creatures vanquished.

Notes
Turn   | Place    | Note
-------+----------+-------------------------------------------
     0 | D:1      | raph the Merfolk Gladiator began the quest for the Orb.
     0 | D:1      | Reached XP level 1. HP: 16/16 MP: 1/1
     0 | D:1      | Noticed a palentonga
     0 | D:1      | Noticed a barachi
     1 | D:1      | Noticed an octopode
     2 | D:1      | Noticed a minotaur
     4 | D:1      | Noticed an ogre
     4 | D:1      | Noticed a demonspawn
     6 | D:1      | Noticed an ogre
     7 | D:1      | Noticed a spriggan
     9 | D:1      | Noticed a merfolk
    11 | D:1      | Noticed a troll
    13 | D:1      | Noticed a ghoul
    14 | D:1      | Noticed an ogre
    15 | D:1      | Noticed a spriggan
    15 | D:1      | Noticed a troll
    17 | D:1      | Noticed a vampire
    19 | D:1      | Noticed a palentonga
    19 | D:1      | Noticed a ghoul
   103 | D:1      | Reached skill level 5 in Polearms
   109 | D:1      | Reached XP level 2. HP: 14/22 MP: 2/2
   361 | D:1      | Found Dullan's Jewellery Emporium.
  1283 | D:2      | Reached skill level 6 in Polearms
  1283 | D:2      | Reached XP level 3. HP: 27/27 MP: 3/3
  1787 | D:2      | Found a shimmering altar of Xom.
  1979 | D:3      | Noticed Jessica
  1988 | D:3      | Killed Jessica
  1989 | D:3      | Reached skill level 7 in Polearms
  1989 | D:3      | Reached XP level 4. HP: 28/33 MP: 4/4
  2310 | D:3      | Found Days's Antique Armour Emporium.
  2486 | D:3      | Killed from afar by an orc priest

Illustrated notes

Levels and vault maps discovered:
D:1:      shiori_arrival_whats_in_store_for_you, layout_basic, serial_shops,
          nicolae_shop_waterfront
D:2:      layout_loops_ring, basic_altar
D:3:      layout_rooms, serial_shops, nicolae_shop_stone, serial_corexii_hall,
          corexii_hall_statues_l, corexii_hall_statues_i, grunt_decor_fettered,
          uniq_jessica

Skill      XL: |  1  2  3 |
---------------+----------+-----
Polearms       | 5 6 7 |  7.6
Fighting       | |  2.1
Throwing       | |  2.0
Dodging        | |  4.0

Action                   |  1- 3 |  4- 6 || total
-------------------------+-------+-------++-------
Melee: Trident           |   127 |    27 ||   154
       Tailslap          |     2 |       ||     2
  Use: Scroll            |     3 |       ||     3
 Stab: Sleeping          |     3 |     2 ||     5
Armor: Leather armour    |    24 |     1 ||    25
Dodge: Dodged            |    94 |    14 ||   108
